 Dungeon Crawl Stone Soup version 0.31-a0-185-g9dded2c639 (webtiles) character file.

Game seed: 6562171267565662212

141 qw the Skirmisher (level 5, -4/29 HPs)
             Began as a Deep Elf Hunter on June 22, 2023.
             Killed from afar by Ijyb (16 damage)
             ... with a bolt of acid
             ... on level 3 of the Dungeon.
             The game lasted 00:01:01 (1960 turns).

qw the Skirmisher (Deep Elf Hunter)                 Turns: 1960, Time: 00:01:01

Health: -4/29      AC:  9    Str:  8    XL:     5   Next: 3%
Magic:  7/7        EV:  8    Int: 14    God:
Gold:   167        SH:  0    Dex: 18    Spells: 4/4 levels left

rFire   . . .        Y - +0 shortbow
rCold   . . .        (shield currently unavailable)
rNeg    . . .        h - +0 scale mail
rPois   .            (no helmet)
rElec   .            (no cloak)
rCorr   .            (no gloves)
SInv    .            b - +0 pair of boots
Will    .....        (no amulet)
Stlth   +            (no ring)
HPRegen 0.24/turn    (no ring)
MPRegen 0.10/turn

%: no passive effects
@: lethally poisoned (-4 -> -13)
A: iridescent scales 1, weak 1
a: no special abilities


You were on level 3 of the Dungeon.
You visited 1 branch of the dungeon, and saw 3 of its levels.

You collected 167 gold pieces.


Innate Abilities, Weirdness & Mutations

You are partially covered in iridescent scales. (AC +2)
You are weak. (Str -2)


   Skills:
 - Level 1.5 Fighting
 + Level 8.1 Ranged Weapons
 - Level 1.0 Armour
 - Level 2.4 Dodging
 - Level 1.2 Stealth


You had 4 spell levels left.
You didn't know any spells.
Your spell library was empty.

Inventory:

Hand Weapons
 Y - a +0 shortbow (weapon)
Armour
 b - a +0 pair of boots (worn)
 h - a +0 scale mail (worn)
Jewellery
 g - a ring of protection from fire
Scrolls
 e - 3 scrolls of fog {unknown}
Potions
 a - a potion of heal wounds
 c - a potion of might {unknown}
 d - a potion of cancellation {unknown}
 f - a potion of enlightenment {unknown}
 i - a potion of haste {unknown}
 l - 2 potions of mutation

Dungeon Overview and Level Annotations

Branches:
Dungeon (3/15)

Altars:
Sif Muna

Annotations:
D:3 Ijyb


Message History

The jackal bites you but does no damage.
The goblin hits you with a +0 dagger.
The jackal bites you but does no damage.
The goblin hits you but does no damage.
You shoot an arrow. The arrow closely misses Ijyb.
The jackal closely misses you. The goblin hits you but does no damage.
Ijyb barely misses you.
The jackal bites you but does no damage.
You shoot an arrow. The arrow hits Ijyb but does no damage.
The jackal closely misses you. The goblin hits you but does no damage.
Ijyb hits you but does no damage.
You are poisoned.
The jackal bites you but does no damage.
You shoot an arrow. The arrow hits Ijyb.
Ijyb is lightly wounded.
You feel very sick. The goblin hits you but does no damage.
The jackal barely misses you.
The jackal bites you but does no damage.
You shoot an arrow. The arrow hits Ijyb.
Ijyb is heavily wounded.
You feel sick. The jackal misses you. The goblin hits you but does no damage.
Ijyb screams, "Level is mine!
All mine!"
Ijyb zaps a wand.
The bolt of acid hits you.
The jackal bites you but does no damage.
You shoot an arrow. The arrow hits Ijyb.
Ijyb is severely wounded.
You feel sick. The goblin hits you but does no damage.
Ijyb hits you but does no damage.
You are more poisoned.
The jackal barely misses you.
You shoot an arrow. The arrow hits Ijyb but does no damage.
Ijyb is severely wounded.
You feel very sick.
The jackal bites you but does no damage.
The goblin hits you with a +0 dagger. Ijyb screams, "Me kill you!"
Ijyb hits you but does no damage. The jackal barely misses you.
Ijyb zaps a wand.
The bolt of acid hits you!
Ouch! That really hurt!
You die...

###########
#..gg......
#..@hg.....
#...#......
#...##########...~
#............#...~~
#............#...~~#
##'##.....##' #..~~#
#...#)....# #..~~.
#...#.)...# #..~~.
#...#.....# #..~~.


You could see Ijyb, a jackal and 2 goblins.

Vanquished Creatures
  An orc wizard (D:3)
  4 adders
  9 orcs (D:3)
  5 bats
  4 endoplasms
  4 giant cockroaches
  10 goblins
  5 hobgoblins
  5 jackals
  4 quokkas
  2 ball pythons
  4 frilled lizards
  7 kobolds
64 creatures vanquished.

Notes
Turn   | Place    | Note
-------+----------+-------------------------------------------
     0 | D:1      | qw the Deep Elf Hunter began the quest for the Orb.
     0 | D:1      | Reached XP level 1. HP: 12/12 MP: 3/3
     0 | D:1      | 0 ||| qw: Version: 0.3-a-9-g12657ce
     0 | D:1      | 0 ||| qw: Game counter: 1908
     0 | D:1      | 0 ||| qw: Always use a shield: true
     0 | D:1      | 0 ||| qw: God list: Okawaru
     0 | D:1      | 0 ||| qw: Allow faded altars: false
     0 | D:1      | 0 ||| qw: Do Orc after D:15 true
     0 | D:1      | 0 ||| qw: Do second Lair branch before Depths: true
     0 | D:1      | 0 ||| qw: Lair rune preference: random
     0 | D:1      | 0 ||| qw: Plans: Normal
     0 | D:1      | 0 ||| PLANNING D:1-11
   239 | D:1      | Reached XP level 2. HP: 12/16 MP: 4/4
   272 | D:1      | Reached skill level 6 in Ranged Weapons
   765 | D:1      | 765 ||| UPGRADING to +0 scale mail.
   775 | D:1      | 775 ||| DROPPING +0 leather armour.
   776 | D:1      | 776 ||| READING scroll labelled WANYEB DAR.
   777 | D:1      | 777 ||| READING scroll labelled ZAN ODOLOYM.
   780 | D:1      | 780 ||| READING scroll labelled EVUALA ZEOJIETS.
   781 | D:1      | 781 ||| READING scroll labelled ZICOET SUOBB.
   782 | D:1      | 782 ||| READING scroll labelled OSCHE HOUWKEST.
   783 | D:1      | 783 ||| DROPPING scroll of butterflies.
   822 | D:2      | 822 ||| STAIRDANCE
   845 | D:2      | Reached XP level 3. HP: 20/20 MP: 5/5
   915 | D:2      | Reached skill level 7 in Ranged Weapons
   915 | D:2      | Identified the +5 short sword of Xaab {freeze, *Noise rElec
                  | rN+ rCorr Str+5}
  1192 | D:2      | 1192 ||| Stepping ~*~*~tactically~*~*~ (outnumbered).
  1208 | D:2      | Found a shimmering blue altar of Sif Muna.
  1314 | D:2      | 1314 ||| UPGRADING to +0 pair of boots.
  1319 | D:2      | 1319 ||| READING scroll labelled IJIDASTUSCH.
  1355 | D:2      | 1355 ||| DRINKING 2 blue potions.
  1356 | D:2      | 1356 ||| DRINKING 2 metallic coppery potions.
  1357 | D:2      | 1357 ||| DRINKING 3 silvery potions.
  1357 | D:2      | Gained mutation: You are weak. (Str -2) [potion of
                  | mutation]
  1357 | D:2      | Gained mutation: You are partially covered in iridescent
                  | scales. (AC +2) [potion of mutation]
  1358 | D:2      | 1358 ||| DROPPING potion of invisibility.
  1427 | D:3      | Reached XP level 4. HP: 22/25 MP: 6/6
  1505 | D:3      | Reached skill level 8 in Ranged Weapons
  1529 | D:3      | Reached skill level 1 in Armour
  1683 | D:3      | 1683 ||| FLEEEEING.
  1684 | D:3      | 1684 ||| FLEEEEING.
  1685 | D:3      | 1685 ||| FLEEEEING.
  1686 | D:3      | 1686 ||| FLEEEEING.
  1687 | D:3      | 1687 ||| FLEEEEING.
  1688 | D:3      | 1688 ||| FLEEEEING.
  1689 | D:3      | 1689 ||| FLEEEEING.
  1690 | D:3      | 1690 ||| FLEEEEING.
  1691 | D:3      | 1691 ||| FLEEEEING.
  1872 | D:3      | Reached XP level 5. HP: 23/29 MP: 7/7
  1949 | D:3      | Noticed Ijyb
  1960 | D:3      | Killed from afar by Ijyb

Levels and vault maps discovered:
D:1:      heliophobic_arrival_glass_houses, layout_loops_cross
D:2:      layout_basic, basic_altar
D:3:      kennysheep_goblin_castle, layout_rooms, uniq_ijyb

Skill      XL: |  1  2  3  4 |
---------------+-------------+-----
Ranged Weapons | 6 7 8 |  8.1
Armour         | 1 |  1.0
Fighting       | |  1.5
Dodging        | |  2.4
Stealth        | |  1.2

Action                     |  1- 3 |  4- 6 || total
---------------------------+-------+-------++-------
   Fire: Shortbow          |   117 |    85 ||   202
    Use: Scroll            |     6 |       ||     6
         Potion            |     3 |       ||     3
 Armour: Leather armour    |     1 |       ||     1
         Scale mail        |    28 |    73 ||   101
  Dodge: Dodged            |    40 |    30 ||    70

Table legend:
 A = Non-vault XP
 B = Vault XP
 C = Vault XP percentage of total XP
 D = Non-vault monster count
 E = Vault monster count
 F = Vault count percentage of total count
                 A         B        C        D         E       F
            +---------+---------+-------+---------+---------+-------
      Total |     187 |      15 |   7.4 |      56 |       8 |  12.5
            +---------+---------+-------+---------+---------+-------
        D:1 |      37 |       0 |   0.0 |      22 |       0 |   0.0
        D:2 |      52 |       0 |   0.0 |      17 |       0 |   0.0
        D:3 |      98 |      15 |  13.3 |      17 |       8 |  32.0
            +---------+---------+-------+---------+---------+-------
